 Dungeon Crawl Stone Soup version 0.25.0-10-g039870e (webtiles) character file.

Game seed: 16444014372719448835

109 DrKleor the Skirmisher (level 5, 0/43 HPs)
             Began as a Formicid Fighter on June 23, 2020.
             Slain by a gnoll
             ... wielding a +0 halberd
              (6 damage)
             ... on level 3 of the Dungeon.
             The game lasted 00:06:06 (2206 turns).

DrKleor the Skirmisher (Formicid Fighter)           Turns: 2206, Time: 00:06:07

Health: 0/43       AC:  6    Str: 21    XL:     5   Next: 13%
Magic:  5/5        EV:  7    Int:  8    God:
Gold:   155        SH:  9    Dex: 10    Spells: 4/4 levels left

rFire    . . .     SeeInvis +   a - +0 long sword
rCold    . . .     Gourm    .   c - +0 kite shield
rNeg     . . .     Faith    .   b - +0 scale mail
rPois    .         Spirit   .   (helmet unavailable)
rElec    .         Reflect  .   (no cloak)
rCorr    .         Harm     .   (no gloves)
MR       .....                  (no boots)
Stlth    ..........             (no amulet)
HPRegen  0.14/turn              (no ring)
MPRegen  0.09/turn              (no ring)

@: no status effects
A: permanent stasis, dig shafts and tunnels, four strong arms, antennae 3
a: Dig, Shaft Self


You were on level 3 of the Dungeon.
You were hungry.

You visited 1 branch of the dungeon, and saw 3 of its levels.

You collected 155 gold pieces.

Inventory:

Hand Weapons
 a - a +0 long sword (weapon)
 m - a +2 vorpal hunting sling
Armour
 b - a +0 scale mail (worn)
 c - a +0 kite shield (worn)
Scrolls
 e - a scroll of magic mapping {unknown}
 h - 3 scrolls of amnesia {unknown}
 j - a scroll of random uselessness {unknown}
 n - a scroll of identify {unknown}
 o - 2 scrolls of remove curse {unknown}
 p - a scroll of enchant weapon {unknown}
 q - a scroll of fog {unknown}
Potions
 d - 2 potions of might
 i - a potion of heal wounds {unknown}
 k - a potion of invisibility {unknown}
 l - 2 potions of brilliance {unknown}
Comestibles
 f - 6 rations


   Skills:
 + Level 4.8 Fighting
 + Level 3.7 Long Blades
 - Level 3.2 Armour
 - Level 3.6 Shields


You had 4 spell levels left.
You didn't know any spells.
Your spell library was empty.

Dungeon Overview and Level Annotations

Branches:
Dungeon (3/15)

Altars:
Kikubaaqudgha


Innate Abilities, Weirdness & Mutations

You cannot be hasted, slowed, berserked, paralysed or teleported.
You can dig through walls and to a lower floor.
Your four strong arms can wield two-handed weapons with a shield.
You have a pair of large antennae on your head. (SInv)


Message History

You block the gnoll's attack. x3
You barely miss the gnoll.
The gnoll is moderately wounded.
The gnoll closely misses you. The gnoll hits you with a +0 spear.
You hit the gnoll but do no damage.
The gnoll is moderately wounded.
The gnoll hits you but does no damage. The gnoll closely misses you.
You barely miss the gnoll.
The gnoll is moderately wounded.
The gnoll hits you but does no damage. You block the gnoll's attack.
The gnoll hits you with a +0 spear.
You hit the gnoll.
The gnoll is moderately wounded.
The gnoll hits you from afar with a +0 halberd!
* * * LOW HITPOINT WARNING * * *
You block the gnoll's attack.
You barely miss the gnoll.
The gnoll is moderately wounded.
The gnoll hits you from afar with a +0 halberd.
You die...

##########)#.#
.........#.#.#
.#######.#'#.###
#...# #...^....
#.#.###.....#.#
####.#.#.......#..
#....#.#.#....##.#
#.####.#<#.......#
#@# #.####...####
#g# #.........#


og# #########.# #... #.# #... #.# ####. #.# # #.# #.# ### You could see 2 gnolls
and an orc.

Vanquished Creatures
  2 gnolls (D:3)
  3 adders
  2 worms (D:2)
  3 dart slugs
  2 leopard geckos (D:2)
  2 ball pythons (D:1)
  6 bats
  3 giant cockroaches
  4 hobgoblins
  4 jackals (D:2)
  A quokka (D:2)
  8 goblins
  2 kobolds
  7 rats
49 creatures vanquished.

Notes
Turn   | Place    | Note
-------+----------+-------------------------------------------
     0 | D:1      | DrKleor the Formicid Fighter began the quest for the Orb.
     0 | D:1      | Reached XP level 1. HP: 18/18 MP: 1/1
   256 | D:1      | Reached XP level 2. HP: 24/24 MP: 2/2
   874 | D:2      | Reached XP level 3. HP: 30/30 MP: 3/3
   944 | D:2      | Reached skill level 4 in Fighting
  1453 | D:2      | Reached XP level 4. HP: 35/38 MP: 4/4
  1645 | D:2      | Found an ancient bone altar of Kikubaaqudgha.
  2188 | D:3      | Reached XP level 5. HP: 43/43 MP: 5/5
  2206 | D:3      | Slain by a gnoll

Illustrated notes

Levels and vault maps discovered:
D:1:      lightli_arrival_isolated_outpost, layout_loops_ring, st_stairs_6
D:2:      layout_loops_cross, nicolae_overflow_hidden_temple
D:3:      layout_basic, lemuel_crystal_altar, chequers_serial_rivers_small_b,
          grunt_ministairs_4

Skill      XL: |  1  2  3 |
---------------+----------+-----
Fighting       | 4 |  4.8
Long Blades    | 3 |  3.7
Armour         | |  3.2
Shields        | |  3.6

Action                   |  1- 3 |  4- 6 || total
-------------------------+-------+-------++-------
Melee: Long sword        |   124 |    68 ||   192
 Abil: Dig               |       |     1 ||     1
  Eat: Chunk             |     2 |     2 ||     4
Armor: Scale mail        |    60 |    28 ||    88
Dodge: Dodged            |    51 |    25 ||    76
Block: Kite shield       |    67 |    49 ||   116
       Rpst.: Long sword |    15 |     7 ||    22
